 Dungeon Crawl Stone Soup version 0.20-a0-1024-ge4c44be (webtiles) character file.

90 Gadicath the Conjurer (level 4, -4/28 HPs)
             Began as an Octopode Conjurer on Apr 20, 2017.
             Killed from afar by Sigmund (10 damage)
             ... with a puff of flame
             ... on level 2 of the Dungeon.
             The game lasted 00:11:49 (2113 turns).

Gadicath the Conjurer (Octopode Conjurer)           Turns: 2113, Time: 00:11:50

Health: -4/28      AC:  1    Str:  8    XL:     4   Next: 56%
Magic:  1/7        EV: 13    Int: 17    God:
Gold:   90         SH:  0    Dex: 12    Spells: 3/7 levels left

rFire    . . .     SeeInvis .   m - +0 long sword
rCold    . . .     Gourm    .   (no shield)
rNeg     . . .     Faith    .   (helmet restricted)
rPois    .         Spirit   .   (no amulet)
rElec    .         Reflect  .   (no ring)
rCorr    .         Harm     .   (no ring)
MR       .....                  (no ring)
Stlth    +++.......             (no ring)
Regen    0.1/turn               (no ring)
MPRegen  0.1/turn               (no ring)
                                (no ring)
                                (no ring)

@: no status effects
A: almost no armour, stealthy swim, amphibious, 8 rings, constrict 8, camouflage
1, gelatinous body 1
a: no special abilities


You were on level 2 of the Dungeon.
You were not hungry.

You visited 1 branch of the dungeon, and saw 2 of its levels.

You collected 90 gold pieces.

Inventory:

Hand Weapons
 g - a +0 short sword
 m - a +0 long sword (weapon)
Scrolls
 c - a scroll of remove curse
 d - a scroll of enchant weapon {unknown}
 i - a scroll of magic mapping {unknown}
Potions
 f - 3 potions of ambrosia
Books
 a - a book of Conjurations

   Spells                             Type                      Level
   a - Magic Dart                     Conjuration                  1
   b - Searing Ray                    Conjuration                  2
   c - Dazzling Spray                 Conjuration/Hexes            3
   d - Fulminant Prism                Conjuration/Hexes            4
   e - Force Lance                    Conjuration/Translocation    4
   f - Iskenderun's Mystic Blast      Conjuration                  4
Comestibles
 b - a bread ration


   Skills:
 * Level 1.1 Fighting
 * Level 1.8 Short Blades
 + Level 2.1 Dodging
 + Level 3.1 Stealth
 + Level 2.1 Spellcasting
 + Level 4.8 Conjurations
 + Level 0.2 Hexes


You had 3 spell levels left.
You knew the following spells:

 Your Spells              Type           Power        Failure   Level  Hunger
a - Magic Dart            Conj           ###.         2%          1    #......
b - Dazzling Spray        Conj/Hex       ##....       21%         3    ###....


Dungeon Overview and Level Annotations

Branches:
Dungeon (2/15)

Altars:

Annotations:
D:2 Sigmund


Innate Abilities, Weirdness & Mutations

You cannot wear most types of armour.
You are very stealthy in the water. (Stealth+)
You are amphibious.
You can wear up to eight rings at the same time.
You can use your tentacles to constrict eight enemies at once.
Your skin changes colour to match your surroundings (Stealth+).
Your rubbery body absorbs attacks. (AC +1, EV +1)


Message History

You constrict Sigmund, but do no damage.
Sigmund barely misses you.
You hit Sigmund.
Sigmund is heavily wounded.
You constrict Sigmund. Sigmund hits you with a scythe!
* * * LOW HITPOINT WARNING * * *
You hit Sigmund but do no damage. You squeeze Sigmund, but do no damage.
Sigmund is heavily wounded.
You constrict Sigmund, but do no damage.
Sigmund casts a spell at you. You resist with some effort.
You feel magically purged.
You constrict Sigmund, but do no damage.
Sigmund barely misses you.
You hit Sigmund but do no damage. You squeeze Sigmund, but do no damage.
Sigmund is heavily wounded.
You constrict Sigmund.
Sigmund points at you and mumbles some strange words.
The puff of flame hits you!
You die...

##### ######....#
#....#....+
#)...#....#### #
###....#.......#.##.##
#.+....>......@@w..)..
.#.#.....#.#..#.#.##...
#.#.#.......#...†#.#
..#.##......#.####.# ..
# #......#.#.......# ..
# #.....#.#.#.....#####
...### . #
#....##.#.##.........
...... #
#...###.#.###...####
#....# ###..## ##.##
##...#####....##


You could see Sigmund and a worm.

Vanquished Creatures
  3 adders (D:2)
  An ooze (D:2)
  2 dart slugs
  A worm (D:2)
  4 orcs (D:2)
  2 ball pythons
  4 giant cockroaches
  A goblin (D:1)
  6 hobgoblins
  2 jackals (D:1)
  7 kobolds
  3 bats
  5 frilled lizards
  9 rats
50 creatures vanquished.

Notes
Turn   | Place    | Note
-------+----------+-------------------------------------------
     0 | D:1      | Gadicath the Octopode Conjurer began the quest for the Orb.
     0 | D:1      | Reached XP level 1. HP: 11/11 MP: 3/3
   337 | D:1      | Reached XP level 2. HP: 17/17 MP: 1/5
   743 | D:1      | Reached XP level 3. HP: 22/22 MP: 4/6
   949 | D:1      | Learned a level 3 spell: Dazzling Spray
   971 | D:2      | Reached skill level 1 in Short Blades
   976 | D:2      | Reached skill level 1 in Fighting
  1076 | D:2      | Reached XP level 4. HP: 23/28 MP: 5/7
  2100 | D:2      | Noticed Sigmund
  2113 | D:2      | Killed from afar by Sigmund

Vault maps used:
D:1:      minmay_arrival_stone_box
D:2:      wad_pebble_path, wad_orctagon, uniq_sigmund

Skill      XL: |  1  2  3 |
---------------+----------+-----
Short Blades   | 1 |  1.8
Fighting       | 1 |  1.1
Stealth        | 3 |  3.1
Dodging        | |  2.1
Spellcasting   | |  2.1
Conjurations   | |  4.8
Hexes          | |  0.2

Action                   |  1- 3 |  4- 6 || total
-------------------------+-------+-------++-------
Melee: Unarmed           |    11 |       ||    11
       Constrict         |    12 |     7 ||    19
       Tentacles         |     4 |     4 ||     8
       Short sword       |    24 |     7 ||    31
       Long sword        |       |    17 ||    17
 Cast: Magic Dart        |    41 |    29 ||    70
       Dazzling Spray    |     1 |     7 ||     8
  Use: Scroll            |     2 |     1 ||     3
       Potion            |     1 |     4 ||     5
  Eat: Bread ration      |     1 |       ||     1
       Meat ration       |       |     1 ||     1
Armor: Skin              |     1 |     1 ||     2
Dodge: Dodged            |    22 |    26 ||    48
       Rpst.: Long sword |       |     5 ||     5
